 Dungeon Crawl Stone Soup version 0.24-a0-375-g4de66ed42b (webtiles) character file.

Game seed: 12745651735458071796

81 emperorscorpion the Skirmisher (level 4, 0/55 HPs)
             Began as a Demonspawn Berserker on May 31, 2019.
             Was a Believer of Trog.
             Killed by divine providence
             ... invoked by an orc priest
              (13 damage)
             ... on level 3 of the Dungeon.
             The game lasted 00:03:04 (478 turns).

emperorscorpion the Skirmisher (DsBe)                Turns: 478, Time: 00:03:05

Health: 0/55       AC: 10    Str: 24    XL:     4   Next: 19%
Magic:  4/4        EV:  7    Int:  8    God:    Trog [**....]
Gold:   51         SH:  0    Dex: 12    Spells: 3/3 levels left

rFire    . . .     SeeInvis .   a - +0 trident
rCold    + . .     Gourm    .   (no shield)
rNeg     . . .     Faith    .   k - +0 plate armour
rPois    .         Spirit   .   (no helmet)
rElec    .         Reflect  .   (no cloak)
rCorr    .         Harm     .   (no gloves)
MR       .....                  (no boots)
Stlth    ..........             (no amulet)
HPRegen  0.18/turn              (no ring)
MPRegen  0.09/turn              (no ring)

@: berserking, very quick
A: claws 1, talons 1, cold resistance 1
a: Berserk, Trog's Hand, Renounce Religion


You were on level 3 of the Dungeon.
You worshipped Trog.
Trog was pleased with you.
You were hungry.

You visited 1 branch of the dungeon, and saw 4 of its levels.

You collected 51 gold pieces.

Inventory:

Hand Weapons
 a - a +0 trident (weapon)
 j - a +0 spear
Armour
 b - a +0 animal skin
 i - a +0 leather armour
 k - a +0 plate armour (worn)
Scrolls
 d - 2 scrolls of enchant armour {unknown}
 g - 2 scrolls of remove curse {unknown}
 l - a scroll of fog {unknown}
Potions
 e - a potion of heal wounds {unknown}
 h - 2 potions of curing {unknown}
Comestibles
 c - 2 rations
 f - 6 chunks of flesh


   Skills:
 + Level 3.8 Fighting
 + Level 3.6 Polearms
 + Level 1.9 Armour
 + Level 2.1 Dodging
 + Level 0.5 Stealth


You had 3 spell levels left.
You didn't know any spells.
Your spell library was empty.

Dungeon Overview and Level Annotations

Branches:
Dungeon (4/15)
 Temple: D:4-7

Altars:
Elyvilon


Innate Abilities, Weirdness & Mutations

You have sharp fingernails.
You have sharp toenails.
Your flesh is cold resistant. (rC+)


Message History

You barely miss the orc priest.
The orc priest hits you but does no damage.
You hit the orc priest. Your kick misses the orc priest.
The orc priest is lightly wounded.
The orc priest mumbles some strange prayers to Beogh against you.
Pain shoots through your body!
You hit the orc priest but do no damage.
The orc priest is lightly wounded.
You recover from your berserk rage.
The orc priest mumbles some strange prayers to Beogh against you.
Pain shoots through your body!
* * * LOW HITPOINT WARNING * * *
The orc priest hits you with a +0 short sword.
* * * LOW HITPOINT WARNING * * *
A red film seems to cover your vision as you go berserk!
You feel yourself moving faster!
You feel mighty!
You are feeling hungry.
The orc priest mumbles some strange prayers to Beogh against you.
Beogh smites you!
You die...

..#.#
.#.#.#.....######
#.#.#
.#.#.#.#####
#...# #...#.#
##### #####.#
#.#######
#[##....# #÷.†..#
#.#####.....#
#...†@o.....#
#######...>.#
#.....# #..#..#
#..#..# ....#..#
.###....# #
######


You could see an orc priest.

Vanquished Creatures
  An orc priest (D:3)
  2 adders (D:3)
  A worm (D:2)
  7 orcs (D:3)
  A ball python (D:3)
  2 bats
  2 giant cockroaches
  A goblin (D:3)
  2 hobgoblins (D:1)
  A jackal (D:3)
  3 frilled lizards
  A kobold (D:3)
  A rat (D:3)
25 creatures vanquished.

Notes
Turn   | Place    | Note
-------+----------+-------------------------------------------
     0 | D:1      | emperorscorpion the Demonspawn Berserker began the quest
                  | for the Orb.
     0 | D:1      | Reached XP level 1. HP: 18/18 MP: 1/1
   190 | D:2      | Gained mutation: You have sharp fingernails. [demonic
                  | ancestry]
   190 | D:2      | Reached XP level 2. HP: 24/24 MP: 2/2
   253 | D:3      | Found a white marble altar of Elyvilon.
   379 | D:3      | Gained mutation: You have sharp toenails. [demonic
                  | ancestry]
   379 | D:3      | Reached XP level 3. HP: 29/29 MP: 3/3
   446 | D:3      | Reached ** piety under Trog
   446 | D:3      | Gained mutation: Your flesh is cold resistant. (rC+)
                  | [demonic ancestry]
   446 | D:3      | Reached XP level 4. HP: 37/37 MP: 4/4
   478 | D:3      | Killed from afar by an orc priest

Levels and vault maps discovered:
D:1:      dpeg_arrival_brainrot, layout_loops_ring
D:2:      layout_loops_ring, first_ration, corexii_hall_statues_t, uniq_robin
D:3:      layout_basic, elyvilon_altar_3
D:4:      layout_basic, kennysheep_mini, minmay_temple_entry_proselytizer

Skill      XL: |  1  2 |
---------------+-------+-----
Polearms       | 3 |  3.6
Dodging        | 2 |  2.1
Fighting       | |  3.8
Armour         | |  1.9
Stealth        | |  0.5

Action                   |  1- 3 |  4- 6 || total
-------------------------+-------+-------++-------
Melee: Spear             |    33 |       ||    33
       Trident           |    35 |     8 ||    43
       Kick              |     1 |     1 ||     2
Invok: Berserk           |     4 |     1 ||     5
 Stab: Sleeping          |     2 |       ||     2
  Eat: Chunk             |     1 |     1 ||     2
Armor: Animal skin       |     5 |       ||     5
       Leather armour    |     3 |       ||     3
       Plate armour      |    15 |     7 ||    22
Dodge: Dodged            |    24 |     2 ||    26

Table legend:
 A = Non-vault XP
 B = Vault XP
 C = Vault XP percentage of total XP
 D = Non-vault monster count
 E = Vault monster count
 F = Vault count percentage of total count
                 A         B        C        D         E       F
            +---------+---------+-------+---------+---------+-------
      Total |     116 |       0 |   0.0 |      25 |       0 |   0.0
            +---------+---------+-------+---------+---------+-------
        D:1 |       8 |       0 |   0.0 |       4 |       0 |   0.0
        D:2 |       7 |       0 |   0.0 |       3 |       0 |   0.0
        D:3 |     101 |       0 |   0.0 |      18 |       0 |   0.0
            +---------+---------+-------+---------+---------+-------
